Map: Orbital Shipyard

Players

PtitDrogo

  • Race: Protoss Protoss
  • League: Grandmaster

MarineLorD - Winner!

  • Race: Terran Terran
  • League: Grandmaster

Event: 2016 WCS Winter Challenger Europe

VOD

https://www.youtube.com/watch?v=XIQo4AlkK1Q

Description

Time

  • Played on: Feb. 13, 2016, 10:23 a.m.
  • Length: 13:05

All games in this series

Show
View Real Time Build Order
Export as new Build Order

PtitDrogo Protoss 

Build Orders: 1 Gate Expand 

Get SALT Encoding   

  12  0:01  Probe (Chrono Boost)  
  13  0:11  Probe (Chrono Boost)  
  14  0:17  Pylon  
  14  0:22  Probe (Chrono Boost)  
  15  0:35  Probe (Chrono Boost)  
  16  0:36  Gateway  
  16  0:41  Assimilator  
  16  0:45  Probe (Chrono Boost)  
  17  0:56  Probe (Chrono Boost)  
  18  1:07  Probe (Chrono Boost)  
  19  1:18  Nexus  
  19  1:27  Cybernetics Core  
  19  1:30  Probe (Chrono Boost)  
  20  1:35  Assimilator  
  20  1:41  Probe (Chrono Boost)  
  20  1:45  Pylon  
  21  1:52  Probe (Chrono Boost)  
  22  2:02  Probe (Chrono Boost)  
  22  2:03  Adept (Chrono Boost)  
  22  2:04  Warp Gate  
  25  2:15  Robotics Facility  
  25  2:17  Probe (Chrono Boost)  
  26  2:27  Adept  
  26  2:29  Probe (Chrono Boost)  
  29  2:31  Probe (Chrono Boost)  
  30  2:39  Probe (Chrono Boost)  
  30  2:42  Probe (Chrono Boost)  
  32  2:50  Probe (Chrono Boost)  
  33  2:52  Probe (Chrono Boost)  
  34  3:00  Probe (Chrono Boost)  
  34  3:01  Probe (Chrono Boost)  
  34  3:03  Observer (Chrono Boost)  
  37  3:07  Twilight Council  
  37  3:08  Forge  
  37  3:12  Probe x2  
  38  3:16  Pylon  
  39  3:22  Probe, Observer (Chrono Boost)  
  39  3:24  Probe  
  42  3:33  Probe  
  42  3:36  Probe, Gateway  
  42  3:37  Gateway  
  42  3:40  Observer (Chrono Boost)  
  45  3:44  Probe  
  45  3:46  Resonating Glaives  
  46  3:48  Probe  
  46  3:50  Protoss Ground Weapons Level 1 (Chrono Boost)  
  47  3:56  Probe, Assimilator  
  47  3:58  Assimilator  
  47  4:01  Probe, Warp Prism  
  51  4:08  Probe  
  52  4:12  Pylon  
  52  4:13  Probe  
  53  4:20  Probe  
  54  4:30  Mothership Core  
  56  4:33  Probe, Pylon  
  58  4:38  Observer  
  58  4:39  Nexus  
  58  4:40  Pylon  
  58  4:45  Probe  
  59  4:46  Pylon  
  59  4:52  Probe  
  60  4:57  Probe  
  61  5:03  Sentry  
  61  5:04  Probe  
  64  5:08  Adept x2  
  64  5:09  Probe  
  69  5:16  Probe  
  70  5:21  Probe, Forge  
  70  5:22  Blink  
  70  5:28  Probe  
  71  5:33  Probe, Adept x3  
  78  5:40  Probe  
  73  5:45  Probe  
  72  5:50  Probe  
  72  5:52  Probe, Immortal (Chrono Boost)  
  72  5:55  Pylon  
  78  5:57  Probe, Protoss Ground Weapons Level 2 (Chrono Boost)  
  78  5:58  Photon Cannon  
  78  5:59  Protoss Ground Armor Level 1 (Chrono Boost)  
  78  6:00  Photon Cannon  
  78  6:03  Probe, Photon Cannon  
  80  6:04  Probe  
  80  6:10  Sentry x2  
  80  6:11  Sentry  
  87  6:16  Probe, Assimilator  
  88  6:18  Assimilator  
  88  6:23  Pylon  
  88  6:27  Probe  
  80  6:39  Probe  
  79  6:48  Probe  
  79  6:49  Probe  
  79  6:51  Immortal  
  81  6:57  Probe  
  81  7:00  Probe  
  81  7:01  Probe, Pylon  
  82  7:03  Gateway  
  82  7:04  Gateway  
  82  7:05  Gateway  
  82  7:06  Gateway  
  82  7:09  Probe, Gateway  
  82  7:13  Probe, Templar Archives  
  84  7:16  Pylon  
  84  7:18  Pylon  
  78  7:23  Probe  
  78  7:25  Warp Prism  
  78  7:26  Probe  
  78  7:28  Probe  
  81  7:35  Stalker x3  
  81  7:36  Probe  
  90  7:38  Psionic Storm  
  90  7:39  Probe, Protoss Ground Armor Level 2 (Chrono Boost)  
  90  7:40  Probe  
  92  7:47  Gateway  
  92  7:48  Probe  
  93  7:53  Probe  
  93  7:56  Probe  
  93  7:58  Photon Cannon  
  95  8:00  Pylon  
  95  8:11  High Templar x3  
  95  8:23  Nexus, Sentry  
  95  8:24  Adept  
  95  8:25  Stalker x2, Pylon  
  103  8:28  Immortal  
  103  8:31  Pylon  
  107  8:36  Pylon  
  106  8:42  Adept  
  106  8:43  Adept x3  
  106  8:48  Stalker x4  
  116  8:51  Stalker  
  120  9:07  Stalker x3  
  126  9:10  Probe x3  
  129  9:23  Photon Cannon  
  129  9:24  Adept  
  129  9:25  Adept x4  
  129  9:29  Probe  
  130  9:36  Protoss Ground Weapons Level 3 (Chrono Boost)  
  118  9:42  Probe  
  118  9:43  Warp Prism  
  118  9:45  Probe  
  120  9:46  Stargate  
  120  9:51  Probe  
  122  9:53  Probe  
  122  9:54  Probe  
  125  10:00  Adept x6  
  125  10:03  High Templar  
  125  10:06  High Templar  
  141  10:09  Probe x2, Assimilator  
  141  10:11  Assimilator  
  141  10:12  Probe  
  144  10:16  Photon Cannon  
  144  10:26  Protoss Ground Armor Level 3 (Chrono Boost)  
  144  10:34  Adept x2  
  144  10:35  Stalker x2, Pylon  
  152  10:40  Pylon  
  152  10:42  Probe  
  141  10:43  Probe x3  
  141  10:45  Pylon  
  145  10:53  Probe  
  145  10:55  Probe, Adept x4  
  155  11:07  Fleet Beacon  
  155  11:11  Zealot  
  155  11:12  Zealot x3  
  120  11:33  Adept  
  120  11:34  Adept x5  
  89  11:56  Immortal (Chrono Boost)  
  93  12:01  Tempest (Chrono Boost)  
  93  12:04  Probe x2  
  91  12:21  Stalker x2  
  91  12:22  Stalker, Adept x2  
  96  12:28  Gateway  
  90  12:30  Gateway x2  
  90  12:31  Gateway  
  94  12:37  Photon Cannon  
  94  12:39  Pylon  
Show
View Real Time Build Order
Export as new Build Order

MarineLorD Terran - Winner!

Build Orders: Reaper Expand, Bio Mine 

Get SALT Encoding   

  12  0:01  SCV  
  13  0:13  SCV  
  14  0:18  Supply Depot  
  14  0:25  SCV  
  15  0:39  SCV  
  15  0:40  Barracks  
  16  0:44  Refinery  
  16  0:51  SCV  
  17  1:03  SCV  
  18  1:15  SCV  
  19  1:28  Reaper, Orbital Command  
  20  1:39  Command Center  
  20  1:51  Supply Depot  
  20  1:54  SCV  
  21  2:01  Barracks Reactor  
  21  2:06  SCV  
  22  2:11  Refinery  
  22  2:18  SCV  
  23  2:25  Factory  
  23  2:30  SCV  
  24  2:37  Marine x2  
  24  2:42  SCV  
  27  2:51  Orbital Command  
  27  2:54  SCV  
  27  2:55  Marine x2  
  30  3:06  SCV  
  30  3:09  Factory Tech Lab, Armory  
  31  3:13  Marine x2  
  31  3:18  SCV  
  33  3:20  SCV  
  34  3:29  Cyclone  
  34  3:30  Marine x2  
  34  3:31  SCV  
  34  3:32  SCV  
  34  3:33  Supply Depot  
  41  3:40  Supply Depot  
  41  3:43  SCV  
  41  3:44  SCV  
  42  3:48  Marine  
  42  3:49  Marine  
  42  3:55  Drilling Claws, SCV  
  45  3:56  SCV  
  45  4:00  Widow Mine  
  48  4:06  Marine x2  
  48  4:07  SCV  
  48  4:08  SCV  
  52  4:16  Starport  
  52  4:19  SCV  
  52  4:20  SCV  
  52  4:24  Supply Depot, Marine x2  
  54  4:28  Engineering Bay  
  54  4:29  Widow Mine  
  58  4:31  SCV  
  58  4:33  SCV  
  60  4:42  Marine x2  
  64  4:45  SCV x2  
  64  4:49  Supply Depot x2  
  64  4:51  Supply Depot  
  64  4:52  Medivac  
  66  4:57  Widow Mine, SCV x2  
  70  5:06  Supply Depot  
  70  5:09  Missile Turret  
  70  5:10  SCV x2, Marine x2  
  74  5:19  Command Center  
  74  5:23  Medivac, SCV x2  
  74  5:27  Supply Depot  
  78  5:35  SCV x2  
  70  5:47  SCV x2  
  72  5:54  Marauder, Stimpack  
  74  5:59  SCV x2  
  74  6:02  Refinery  
  74  6:03  Medivac  
  78  6:04  Widow Mine x2  
  78  6:05  Refinery  
  78  6:10  Supply Depot  
  82  6:11  SCV  
  82  6:12  SCV  
  82  6:13  Missile Turret  
  82  6:16  Marauder, Terran Infantry Weapons Level 1  
  86  6:23  SCV  
  86  6:24  SCV  
  88  6:35  SCV  
  88  6:37  Marauder, SCV  
  85  6:47  SCV  
  85  6:49  SCV  
  81  6:58  Marauder, Widow Mine, Starport Reactor  
  81  6:59  SCV  
  84  7:02  SCV, Barracks  
  84  7:03  Barracks x2  
  84  7:04  Barracks  
  85  7:11  Supply Depot  
  85  7:12  SCV  
  85  7:14  SCV  
  87  7:20  Marauder  
  84  7:24  SCV, Orbital Command  
  84  7:26  Liberator x2, Widow Mine x2  
  84  7:27  SCV  
  89  7:36  SCV  
  90  7:39  SCV  
  90  7:42  Refinery  
  90  7:43  Missile Turret  
  97  7:45  Refinery  
  97  7:48  SCV  
  97  7:49  SCV  
  97  7:50  Engineering Bay  
  97  7:51  SCV  
  100  7:56  Barracks Tech Lab  
  100  7:57  Barracks Reactor x2, Barracks Tech Lab  
  100  8:00  SCV  
  100  8:01  SCV  
  100  8:03  SCV  
  99  8:06  Marauder  
  99  8:12  SCV  
  100  8:14  SCV  
  100  8:15  Marauder  
  100  8:16  Terran Infantry Armor Level 1  
  103  8:23  Missile Turret, SCV  
  103  8:24  SCV  
  103  8:25  Marine  
  103  8:26  Medivac x2, SCV  
  111  8:27  Marine  
  111  8:29  Missile Turret  
  111  8:31  Terran Infantry Weapons Level 2  
  111  8:33  Terran Ship Weapons Level 1  
  112  8:34  Missile Turret  
  112  8:35  Marine x5  
  112  8:36  SCV  
  112  8:39  Missile Turret  
  118  8:42  Concussive Shells, Combat Shields  
  118  8:45  Marauder, Marine  
  118  8:47  Command Center  
  121  8:48  Liberator  
  121  8:51  Widow Mine  
  121  8:52  Widow Mine  
  121  8:53  Marine x3  
  121  8:54  Marauder  
  130  8:57  Marine  
  125  9:04  Marauder  
  125  9:07  Marauder  
  125  9:09  Supply Depot  
  132  9:11  Marine x3  
  132  9:12  Supply Depot  
  132  9:15  Marauder, Marine  
  138  9:19  Widow Mine  
  138  9:22  Widow Mine  
  141  9:26  Marine  
  141  9:28  Marine  
  141  9:29  Marine  
  138  9:37  Marauder  
  138  9:38  Medivac  
  132  9:39  Marine  
  132  9:40  Marine  
  132  9:44  Marauder  
  133  9:46  Marauder  
  133  9:48  Barracks, Medivac  
  133  9:49  Marine  
  133  9:50  Barracks, Marine  
  133  9:51  Liberator, Barracks  
  133  9:52  Starport  
  139  9:57  Marine  
  139  9:58  Marauder  
  139  9:59  Widow Mine x2  
  142  10:01  Liberator  
  142  10:04  Marine  
  142  10:06  Marauder  
  149  10:07  Marauder  
  149  10:11  Supply Depot  
  149  10:13  Supply Depot  
  154  10:14  Supply Depot  
  154  10:16  Supply Depot  
  157  10:33  Marauder x3, Marine x4  
  157  10:34  Liberator  
  167  10:40  Barracks Tech Lab x2  
  167  10:41  Barracks Reactor  
  163  10:44  Liberator  
  162  10:51  Marine  
  162  10:52  Marine  
  162  10:53  Sensor Tower  
  162  10:55  Marauder x2  
  168  10:57  Starport Tech Lab  
  168  10:59  Marine  
  168  11:00  Marine x2  
  168  11:02  Missile Turret  
  174  11:05  Marauder  
  174  11:07  Marine  
  174  11:08  Marine  
  174  11:10  Marine  
  178  11:15  Marine  
  178  11:16  Marauder  
  178  11:17  Marine  
  178  11:18  Marauder  
  183  11:25  Marauder  
  179  11:27  Marauder  
  169  11:33  Marine  
  169  11:34  Marauder  
  169  11:35  Marine x2  
  169  11:37  Marauder, Marine x3  
  169  11:39  Marine  
  180  11:46  Marine  
  152  11:49  Marauder  
  152  11:51  Marine  
  152  11:53  Marine x2  
  140  11:55  Marauder  
  140  11:56  Medivac x2  
  140  11:57  Marauder  
  139  12:01  Planetary Fortress  
  139  12:02  Marine  
  139  12:04  Marine  
  139  12:07  Marine  
  139  12:08  Marauder  
  142  12:11  Marine  
  142  12:12  Marauder  
  141  12:19  Marauder, Marine  
  141  12:21  Medivac  
  141  12:23  Marine x4  
  141  12:26  Medivac, Marine  
  141  12:28  Marauder  
  141  12:29  Marine x2  
  152  12:31  Widow Mine  
  152  12:32  Marine  
  155  12:37  Marine  
  155  12:40  Marine x3  
  155  12:41  Marine x2  
  159  12:46  Marine  
Tags
 
Add a new tag
Caveats
  • Supply blocks, unpowered buildings, or Contaminate may cause inaccurate times.
  • Supply counts are checked every 10 seconds.